 Dungeon Crawl Stone Soup version 0.16-a0-967-g37ceb3c (webtiles) character file.

1707 MackTheKnife the Grave Robber (level 8, -5/60 HPs)
             Began as a Vampire Necromancer on Oct 1, 2014.
             Was a Believer of Kikubaaqudgha.
             Slain by an orc warrior
             ... wielding a +1 mace of holy wrath
              (12 damage)
             ... on Level 7 of the Dungeon on Oct 2, 2014.
             The game lasted 00:29:18 (10226 turns).

MackTheKnife the Grave Robber (VpNe)               Turns: 10226, Time: 00:29:19

HP  -5/60        AC  0     Str  2      XL: 8   Next: 73%
MP   0/18        EV 28     Int 17      God: Kikubaaqudgha [**....]
Gold 360         SH  0     Dex 21      Spells:  4 memorised,  7 levels left

rFire  . . .     SeeInvis +     n - melded +1 dagger (vamp)
rCold  . . .     Clarity  .     e - melded +1 leather armour {rF+}
rNeg   + . .     rCorr    .     (shield currently unavailable)
rPois  .         rRot     .     u - melded +0 helmet
rElec  .         Spirit   +     q - melded +0 cloak
SustAb .         Warding  .     o - melded +1 pair of gloves
rMut   .         Stasis   .     (boots currently unavailable)
Gourm  .                        t - amulet of guardian spirit
MR     .....                    y - melded ring of poison resistance
                                s - melded +5 ring of strength

@: bat-form, flying, very quick, not resistant to hostile enchantments, fairly
stealthy
A: bottle blood, (fangs 0), see invisible, (unbreathing)
a: Bottle Blood, End Transformation, Receive Corpses, Renounce Religion


You were on level 7 of the Dungeon.
You worshipped Kikubaaqudgha.
Kikubaaqudgha was pleased with you.
You were not thirsty.
You were in vampire-bat-form.
You visited 2 branches of the dungeon, and saw 8 of its levels.

You collected 360 gold pieces.


Innate Abilities, Weirdness & Mutations

You can bottle blood from corpses.
((You have razor-sharp teeth.))
You have supernaturally acute eyesight.
((You can survive without breathing.))


   Skills:
 - Level 4.0 Fighting
 + Level 2.6 Short Blades
 + Level 7.5 Dodging
 - Level 3.0 Stealth
 - Level 4.1 Spellcasting
 - Level 7.9 Necromancy


You had 7 spell levels left.
You knew the following spells:

 Your Spells              Type           Power        Failure   Level  Hunger
e - Animate Skeleton      Necr           N/A          4%          1    None
g - Regeneration          Chrm/Necr      ###.......   24%         3    ###....
x - Vampiric Draining     Necr           ####......   8%          3    ###....
z - Pain                  Necr           ####         4%          1    None

Inventory:

Hand weapons
 n - a +1 vampiric dagger (melded)
Missiles
 f - 7 needles of sleeping
 i - 8 curare-tipped needles
 r - 20 stones (quivered)
 v - 14 poisoned needles
Armour
 e - a +1 leather armour of fire resistance (melded)
 o - a +1 pair of gloves (melded)
 q - a +0 cloak (melded)
 u - a +0 helmet (melded)
Magical devices
 m - a wand of magic darts (0)
Jewellery
 d - an uncursed ring of sustain abilities
 s - a +5 ring of strength (melded)
 t - an amulet of guardian spirit (around neck)
 y - a ring of poison resistance (melded)
Potions
 k - 3 potions of brilliance
 w - a potion of haste
 z - a potion of confusion {unknown}
Books
 b - a book of Necromancy

   Spells                             Type                      Level
   *Pain                              Necromancy                   1
   *Animate Skeleton                  Necromancy                   1
   *Vampiric Draining                 Necromancy                   3
   *Regeneration                      Charms/Necromancy            3
   Animate Dead                       Necromancy                   4
   Control Undead                     Necromancy                   4
 g - a book of Control

   Spells                             Type                      Level
   Control Teleport                   Charms/Translocation         4
   Control Undead                     Necromancy                   4
   Enslavement                        Hexes                        4
   Metabolic Englaciation             Hexes/Ice                    5
   Mass Confusion                     Hexes                        6
 j - Kikubaaqudgha's Papyrus of Black Rites
   (Kikubaaqudgha gifted it to you on level 5 of the Dungeon)

   Spells                             Type                      Level
   *Animate Skeleton                  Necromancy                   1
   Corpse Rot                         Necromancy                   2
   Sublimation of Blood               Necromancy                   2
   *Vampiric Draining                 Necromancy                   3
   Control Undead                     Necromancy                   4

▒·▒·▒·▒▒▒▒▒▒▒▒▒▒▒▒▒▒
▒·▒·▒··▒······[·····
▒·▒·▒··▒·▒▒▒▒▒▒▒▒▒▒▒
▒······▒·▒▒>·
▒▒·▒▒▒▒▒▒▒·▒·▒··▒)▒▒·▒▒▒▒▒▒▒▒
▒··········▒·▒··▒#▒▒·········
▒▒▒▒▒▒▒▒▒▒·▒·▒··▒·▒▒·▒▒▒▒▒▒▒▒
▒)▒o▒··▒·▒···▒
▒▒▒▒▒·▒b▒▒▒▒·▒···▒
▒················▒
▒·▒▒▒·▒·▒▒·······▒
▒·▒··············▒▒
▒·▒·········_·····▒
▒·▒▒·▒·▒▒······▒▒·▒▒▒▒▒
▒······▒▒·············▒
▒▒▒▒·▒▒▒▒▒▒▒▒·········▒ ▒·▒
▒·········▒


You could see an orc warrior.


Message History

Read which item? (? for menu, Esc to quit)
Okay, then.
Use which ability? (? or * to list)
Okay, then.
Unknown command.
There is a stone staircase leading up here.
Wield which item (- for none, * to show all)? (? for menu, Esc to quit)
You are already wielding that!
Wield which item (- for none, * to show all)? (? for menu, Esc to quit)
You feel your glee subside.
You are now empty-handed.
Wield which item (- for none, * to show all)? (? for menu, Esc to quit)
You don't have any such object.
Wield which item (- for none, * to show all)? (? for menu, Esc to quit)
Okay, then.
Wield which item (- for none, * to show all)? (? for menu, Esc to quit)
You feel a bloodthirsty glee!
n - a +1 vampiric dagger (weapon)
The orc warrior hits you with a mace of holy wrath!
* * * LOW HITPOINT WARNING * * *
You convulse.
* * * LOW HITPOINT WARNING * * *
Use which ability? (? or * to list)
You turn into a vampire bat.
You feel your glee subside.
You feel less resistant to fire.
You feel weaker.
The orc warrior hits you with a mace of holy wrath!
* * * LOW HITPOINT WARNING * * *
You convulse!
You die...
Kikubaaqudgha rasps: "You have failed me!
Welcome... oblivion!"

Action                   |  1- 3 |  4- 6 |  7- 9 || total
-------------------------+-------+-------+-------++-------
Melee: Unarmed           |    12 |       |       ||    12
       Short sword       |    66 |    31 |       ||    97
       Flail             |       |   161 |       ||   161
       Dagger            |       |    14 |   397 ||   411
 Cast: Pain              |    25 |    68 |   117 ||   210
       Animate Skeleton  |    11 |    13 |    13 ||    37
       Vampiric Draining |       |    21 |    29 ||    50
       Regeneration      |       |       |     1 ||     1
 Abil: Bat Form          |       |     1 |     1 ||     2
       End Transformatio |       |     1 |       ||     1
Evoke: Wand              |     1 |     2 |     7 ||    10
  Use: Scroll            |       |    12 |     7 ||    19
       Potion            |       |     4 |     2 ||     6
 Stab: Sleeping          |     7 |     5 |     1 ||    13
       Distracted        |       |       |     1 ||     1
  Eat: Corpse            |     3 |    13 |    12 ||    28

Vault maps used:
D:1:      dpeg_arrival_ternary, st_stairs_4, solitary_fountain
D:2:      old_standard_altar, first_bread, st_stairs_7
D:3:      okawaru_altar_gauntlet_db, minmay_hedge_maze, fedhas_altar_1
D:4:      gammafunk_temple_overflow_wave, serial_curves, eino_curves_04,
          eino_curves_01, eino_curves_01, minivault_19, serial_bayou_ford_a
D:5:      tgw_trog, lemuel_crystal_altar, minmay_temple_entry_statues_pillars,
          makhleb_altar_promises_db
D:6:      minivault_25
D:7:      overflow_temple_1_default, basic_altar
Temple:   circular_temple_pool_8

Notes
Turn   | Place    | Note
--------------------------------------------------------------
     0 | D:1      | MackTheKnife, the Vampire Necromancer, began the quest for the Orb.
     0 | D:1      | Reached XP level 1. HP: 13/13 MP: 3/3
   117 | D:1      | Learned a level 1 spell: Animate Skeleton
   303 | D:1      | Reached XP level 2. HP: 14/19 MP: 4/4
   305 | D:1      | Reached skill level 5 in Necromancy
  1078 | D:2      | Reached XP level 3. HP: 22/24 MP: 6/6
  1901 | D:2      | Found a deep blue altar of Sif Muna.
  1962 | D:2      | Reached skill level 6 in Necromancy
  2041 | D:2      | Learned a level 3 spell: Vampiric Draining
  2217 | D:3      | Found a blossoming altar of Fedhas.
  2224 | D:3      | Found an iron altar of Okawaru.
  2235 | D:3      | Reached XP level 4. HP: 28/30 MP: 4/7
  3048 | D:3      | Reached skill level 7 in Necromancy
  3048 | D:3      | Reached XP level 5. HP: 33/35 MP: 0/9
  4357 | D:4      | Reached XP level 6. HP: 38/41 MP: 6/10
  5299 | D:4      | Reached skill level 3 in Dodging
  5835 | D:4      | Found a shimmering altar of Xom.
  5835 | D:4      | Found a stormy altar of Qazlal.
  5866 | D:4      | Reached skill level 3 in Spellcasting
  6111 | D:5      | Entered Level 5 of the Dungeon
  6179 | D:5      | Found a staircase to the Ecumenical Temple.
  6188 | Temple   | Entered the Ecumenical Temple
  6195 | Temple   | Became a worshipper of Kikubaaqudgha
  6198 | Temple   | Upgraded the game from 0.16-a0-956-g65bd446 to 0.16-a0-967-g37ceb3c
  6260 | D:5      | Reached XP level 7. HP: 38/46 MP: 9/15
  6305 | D:5      | Found a burning altar of Makhleb.
  6305 | D:5      | Noticed a green death
  6308 | D:5      | Noticed a neqoxec
  6308 | D:5      | Noticed an orange demon
  6364 | D:5      | Reached skill level 4 in Dodging
  6728 | D:5      | Reached skill level 4 in Spellcasting
  6881 | D:5      | Reached skill level 1 in Fighting
  6881 | D:5      | Reached skill level 5 in Dodging
  7116 | D:5      | Found a blossoming altar of Fedhas.
  7131 | D:5      | Noticed a moth of wrath
  7132 | D:5      | Found a bloodstained altar of Trog.
  7362 | D:5      | Reached skill level 2 in Fighting
  7554 | D:5      | Acquired Kikubaaqudgha's first power
  7554 | D:5      | Received a gift from Kikubaaqudgha
  7555 | D:5      | Identified Kikubaaqudgha's Papyrus of Black Rites (Kikubaaqudgha gifted it to you on level 5 of the Dungeon)
  7571 | D:5      | Learned a level 3 spell: Regeneration
  7677 | D:5      | Reached XP level 8. HP: 42/57 MP: 0/18
  8140 | D:6      | Reached skill level 6 in Dodging
  8167 | D:6      | Reached skill level 3 in Fighting
  8334 | D:6      | Noticed Herrn's ghost (experienced GrFi)
  9684 | D:5      | Reached skill level 4 in Fighting
  9754 | D:7      | Found an ancient bone altar of Kikubaaqudgha.
  9807 | D:7      | Found a sparkling altar of Nemelex Xobeh.
  9830 | D:7      | Reached skill level 1 in Short Blades
  9830 | D:7      | Reached skill level 7 in Dodging
  9966 | D:7      | Acquired Kikubaaqudgha's second power
  9966 | D:7      | Reached skill level 2 in Short Blades
 10226 | D:7      | Slain by an orc warrior

Vanquished Creatures
  3 ogres
  An ice beast (D:5)
  A giant frog (D:7)
  A scorpion (D:6)
  A crimson imp (D:7)
  3 hounds
  6 orc priests
  3 iguanas
  10 orc wizards
  8 worker ants
  A big kobold zombie (D:5)
  6 adders
  5 gnolls
  A shadow imp (D:5)
  5 worms
  4 giant geckos
  4 oozes
  36 orcs
  2 ball pythons
  10 bats
  A bat zombie (D:5)
  5 giant cockroaches
  12 goblins
  14 hobgoblins
  5 jackals
  A quokka (D:2)
  A giant cockroach zombie (D:5)
  6 giant newts
  A goblin skeleton (D:5)
  12 kobolds
  A kobold skeleton (D:4)
  2 orc skeletons
  An orc zombie (D:5)
  16 rats
189 creatures vanquished.

Vanquished Creatures (collateral kills)
  A wyvern zombie (D:6)
  A quasit (D:6)
  A worm (D:5)
  An orc zombie (D:5)
  3 orcs
  2 bats
  3 giant cockroaches
  3 hobgoblins (D:1)
  A jackal (D:6)
  3 kobolds
  A giant newt (D:1)
  A goblin (D:1)
  A rat (D:1)
22 creatures vanquished.

Vanquished Creatures (others)
  A hound skeleton (D:6)
  An adder skeleton (D:2)
  2 iguana skeletons
  A bat skeleton (D:7)
  A ball python skeleton (D:5)
  A giant newt skeleton (D:4)
  3 gnoll skeletons (D:6)
  A goblin skeleton (D:4)
  5 hobgoblin skeletons
  2 jackal skeletons (D:4)
  A kobold skeleton (D:7)
  6 orc skeletons
  A rat skeleton (D:2)
26 creatures vanquished.

Grand Total: 237 creatures vanquished
